 Dungeon Crawl Stone Soup version 0.24.0-2-g5b39cebb1c (webtiles) character file.

Game seed: 18014956247571272728, levelgen mode: deterministic

438 Curus the Basher (level 6, 0/50 HPs)
             Began as a Minotaur Gladiator on Oct 29, 2019.
             Succumbed to an orc warrior's poison
             ... on level 4 of the Dungeon.
             The game lasted 00:10:59 (2110 turns).

Curus the Basher (Minotaur Gladiator)               Turns: 2110, Time: 00:11:00

Health: 0/50       AC:  4    Str: 18    XL:     6   Next: 69%
Magic:  5/5        EV: 13    Int:  7    God:
Gold:   213        SH:  0    Dex: 12    Spells: 5/5 levels left

rFire    . . .     SeeInvis .   a - +1 flail
rCold    . . .     Gourm    .   (no shield)
rNeg     . . .     Faith    .   b - +0 leather armour
rPois    .         Spirit   .   c - +0 hat
rElec    .         Reflect  .   i - +0 cloak
rCorr    .         Harm     .   (no gloves)
MR       .....                  (no boots)
Stlth    +.........             (no amulet)
HPRegen  0.16/turn              (no ring)
MPRegen  0.09/turn              (no ring)

@: lethally poisoned (0 -> -9)
A: retaliatory headbutt, horns 2
a: no special abilities


You were on level 4 of the Dungeon.
You were not hungry.

You visited 1 branch of the dungeon, and saw 4 of its levels.

You collected 213 gold pieces.

Inventory:

Hand Weapons
 a - a +1 flail (weapon)
Missiles
 d - 2 throwing nets (quivered)
Armour
 b - a +0 leather armour (worn)
 c - a +0 hat (worn)
 i - a +0 cloak (worn)
Jewellery
 e - an uncursed ring of attention
Scrolls
 h - 2 scrolls of teleportation
 j - 4 scrolls of identify
Potions
 g - 2 potions of haste
Comestibles
 f - 4 rations


   Skills:
 - Level 2.4 Fighting
 + Level 9.2 Maces & Flails
 - Level 2.0 Throwing
 - Level 3.2 Dodging


You had 5 spell levels left.
You didn't know any spells.
Your spell library was empty.

Dungeon Overview and Level Annotations

Branches:
Dungeon (4/15)
 Temple: D:4-7

Altars:
Elyvilon
The Shining One

Shops:
D:4 }


Innate Abilities, Weirdness & Mutations

You reflexively headbutt those who attack you in melee.
You have a pair of horns on your head.


Message History

You miss something.
You feel sick.
You hear some strange, mumbled words.
A puff of flame appears from out of thin air!
The puff of flame hits you!
* * * LOW HITPOINT WARNING * * *
You barely miss something.
You feel sick.
You hear some strange, mumbled words.
A magic dart appears from out of thin air!
The magic dart hits you.
* * * LOW HITPOINT WARNING * * *
You're too confused to move!
* * * LOW HITPOINT WARNING * * *
You feel sick.
You hear some strange, mumbled words.
A magic dart appears from out of thin air!
The magic dart hits you!
* * * LOW HITPOINT WARNING * * *
You bump into the rock wall.
You feel less confused.
You die...

#........≈≈. ### # ##.........o
###_####. #.......... #.....# .)
...#.....# #♣...♣# #.##...##..#
#.....# #....#....#### #####
#♣...♣# ###o.......o. #...##
##'#######...[...##### .....##
#....@{aoo.l..>.>.###
......######.######o...÷.......#
.............######..............
......#######.....<..........###.
..............#####...a.o.......
......######### #...........##
.†....# ##........### ......#
##...†...>## .)...## #........<.#


You could see an iguana, a worker ant, an orc wizard and 2 orcs.

Vanquished Creatures
  An ice beast (D:2)
  An orc warrior (D:4)
  An ogre (D:4)
  2 worker ants (D:4)
  3 adders
  An ooze (D:1)
  2 worms (D:2)
  4 dart slugs
  5 leopard geckos
  2 orcs (D:4)
  4 bats
  5 giant cockroaches
  8 goblins
  6 hobgoblins
  5 jackals
  6 kobolds
  2 ball pythons
  6 frilled lizards
  7 rats
71 creatures vanquished.

Vanquished Creatures (others)
  A kobold (D:2)
1 creature vanquished.

Grand Total: 72 creatures vanquished

Notes
Turn   | Place    | Note
-------+----------+-------------------------------------------
     0 | D:1      | Curus the Minotaur Gladiator began the quest for the Orb.
     0 | D:1      | Reached XP level 1. HP: 18/18 MP: 0/0
    22 | D:1      | Reached skill level 4 in Maces & Flails
    86 | D:1      | Reached XP level 2. HP: 25/25 MP: 1/1
   198 | D:1      | Reached skill level 5 in Maces & Flails
   240 | D:1      | Reached XP level 3. HP: 25/30 MP: 2/2
   474 | D:2      | Noticed an ice beast
   490 | D:2      | Killed an ice beast
   490 | D:2      | Reached skill level 7 in Maces & Flails
   490 | D:2      | Reached XP level 4. HP: 30/37 MP: 3/3
   490 | D:2      | Reached XP level 5. HP: 34/42 MP: 4/4
   526 | D:2      | Found a white marble altar of Elyvilon.
  1603 | D:4      | Reached skill level 8 in Maces & Flails
  1682 | D:4      | Noticed an orc warrior
  2040 | D:4      | Noticed an ogre
  2046 | D:4      | Killed an ogre
  2046 | D:4      | Reached XP level 6. HP: 47/50 MP: 5/5
  2051 | D:4      | Found Punaunue's Gadget Shop.
  2080 | D:4      | Found a glowing golden altar of the Shining One.
  2102 | D:4      | Killed an orc warrior
  2102 | D:4      | Reached skill level 9 in Maces & Flails
  2109 | D:4      | HP: 1/50 [something/magic dart (7)]
  2110 | D:4      | Succumbed to an orc warrior's poison

Levels and vault maps discovered:
D:1:      minmay_arrival_open_corners, layout_basic
D:2:      layout_loops_ring, elyvilon_altar_4
D:3:      layout_rooms, nicolae_overflow_hidden_temple
D:4:      cheibrodos_helix_gallery, layout_rooms, serial_shops,
          kennysheep_mini_moat, first_ration, grunt_decor_arrowhead, tso_altar

Skill      XL: |  1  2  3  4  5  6 |
---------------+-------------------+-----
Maces & Flails | 4 5 7 8 9 |  9.2
Fighting       | |  2.4
Throwing       | |  2.0
Dodging        | |  3.2

Action                   |  1- 3 |  4- 6 || total
-------------------------+-------+-------++-------
Melee: Flail             |    72 |    84 ||   156
       Headbutt          |    11 |    16 ||    27
Throw: Throwing net      |     1 |       ||     1
  Use: Potion            |     3 |     4 ||     7
       Scroll            |     4 |     5 ||     9
 Stab: Sleeping          |     1 |       ||     1
       Held in net/web   |     1 |       ||     1
  Eat: Chunk             |       |     2 ||     2
       Ration            |       |     1 ||     1
Armor: Leather armour    |    15 |    22 ||    37
Dodge: Dodged            |    56 |    50 ||   106
